 Dungeon Crawl Stone Soup version 0.30-a0-782-ge64f9170bb (webtiles) character file.

Game seed: 2073745478197361257

1773488 rigao the Metallomancer (level 27, 195/199 HPs)
             Began as a Gargoyle Reaver on Feb 24, 2023.
             Was the Champion of Ashenzari.
             Escaped with the Orb
             ... and 4 runes on Feb 25, 2023!
             The game lasted 03:34:19 (123913 turns).

rigao the Metallomancer (Gargoyle Reaver)         Turns: 123913, Time: 03:34:19

Health: 195/199    AC: 53    Str: 25      XL:     27
Magic:  14/47      EV: 20    Int: 32 (33) God:    Ashenzari [******]
Gold:   1742       SH: 11    Dex: 11      Spells: 23/66 levels left

rFire   + + .      SeeInvis +    H - +10 morningstar "Eos" {elec, Halo rElec, Evo, Self} (curse)
rCold   + . .      Faith    .    I - +3 buckler "Enigmatic Inconvenience" {Contam Regen+ SInv, Evo, Self} (curse)
rNeg    + + +      Spirit   .    K - quicksilver dragon scales "Enlightened Omen" {Will+, Self, Cun} (curse)
rPois   ∞          Reflect  .    y - +0 helmet "Restrained Together" {Evo, Elem} (curse)
rElec   +          Harm     .    w - +2 cloak "Irritation of Ashenzari" {Stlth+, Fort, Self} (curse)
rCorr   +          Rampage  .    Q - +1 pair of gloves "Unveiling Polytheism" {Int+5, Elem, Evo} (curse)
Will    +++..      Clarity  +    Y - +2 pair of boots "Share My Sorrow" {Elem, Bglg} (curse)
Stlth   +                        a - amulet "Perceptive Chagrin" {Acrobat rC+ rCorr Dex+3, Cun, Bglg} (curse)
HPRegen 1.33/turn                J - ring of Ashenzari's Oracle {rC+ rN+ Str+6, Self, Comp} (curse)
MPRegen 0.30/turn                u - ring "Seer of the Lashed Seer" {Fire rElec rN+ rCorr Int+3, Self, Evo} (curse)

@: in a vortex, flying, glowing, studying 5 skills
A: sickness immunity, AC +20, big wings, negative energy resistance 1,
electricity resistance, torment resistance 1, petrification resistance, berserk
1, fire resistance 1, sense surroundings 1
0: Orb of Zot
}: 4/15 runes: decaying, serpentine, slimy, silver
a: Renounce Religion, Shatter the Chains


You escaped.
You worshipped Ashenzari.
Ashenzari was exalted by your worship.
You visited 14 branches of the dungeon, and saw 58 of its levels.
You also visited: Sewer, Ice Cave and Wizlab.

You collected 10122 gold pieces.
You spent 8380 gold pieces at shops.

Inventory:

Hand Weapons
 H - the cursed +10 morningstar "Eos" (weapon) {elec, Halo rElec, Evo, Self}
   (You took it off a deep elf death mage on level 3 of the Elven Halls)

   Halo:      It grants its wielder a halo, revealing invisible creatures and
   increasing accuracy against all within it other than the wielder.
   rElec:     It insulates you from electricity.
   It has a curse which improves the following skills: Evocations: Evocations.
   Introspection: Fighting and Spellcasting.
Missiles
 G - 4 throwing nets
Armour
 w - the cursed +2 cloak "Irritation of Ashenzari" (worn) {Stlth+, Fort, Self}
   (You bought it in a shop on level 1 of the Dungeon)

   It has a curse which improves the following skills: Fortitude: Armour and
   Shields.
   Introspection: Fighting and Spellcasting.
 y - the cursed +0 helmet "Restrained Together" (worn) {Evo, Elem}
   (You found it on level 9 of the Dungeon)

   It has a curse which improves the following skills: Evocations: Evocations.
   Elements:  Fire Magic, Ice Magic, Air Magic and Earth Magic.
 I - the cursed +3 buckler "Enigmatic Inconvenience" (worn) {Contam Regen+ SInv, Evo, Self}
   (You found it on level 2 of the Orcish Mines)

   SInv:      It lets you see invisible.
   Contam:    It causes magical contamination when unequipped.
   Regen:     It increases your rate of health regeneration.
   It has a curse which improves the following skills: Evocations: Evocations.
   Introspection: Fighting and Spellcasting.
 K - the cursed quicksilver dragon scales "Enlightened Omen" (worn) {Will+, Self, Cun}
   (You bought it in a shop on level 12 of the Dungeon)

   Will:      It increases your willpower.
   It has a curse which improves the following skills: Introspection: Fighting
   and Spellcasting.
   Cunning:   Dodging and Stealth.
 P - the +8 orange crystal plate armour {Archmagi, Int+3 Clar}
   (You found it on level 14 of the Dungeon)

   Int:       It affects your intelligence (+3).
   Clar:      It protects you against confusion.
 Q - the cursed +1 pair of gloves "Unveiling Polytheism" (worn) {Int+5, Elem, Evo}
   (You bought it in a shop on level 12 of the Dungeon)

   Int:       It affects your intelligence (+5).
   It has a curse which improves the following skills: Elements: Fire Magic, Ice
   Magic, Air Magic and Earth Magic.
   Evocations: Evocations.
 Y - the cursed +2 pair of boots "Share My Sorrow" (worn) {Elem, Bglg}
   (You found it on level 13 of the Dungeon)

   It has a curse which improves the following skills: Elements: Fire Magic, Ice
   Magic, Air Magic and Earth Magic.
   Beguiling: Conjurations, Hexes and Translocations.
Jewellery
 a - the cursed amulet "Perceptive Chagrin" (around neck) {Acrobat rC+ rCorr Dex+3, Cun, Bglg}
   (You bought it in a shop on level 5 of the Vaults)

   [amulet of the acrobat]

   It increases your evasion while moving and waiting.
   Dex:       It affects your dexterity (+3).
   rC:        It protects you from cold.
   rCorr:     It protects you from acid and corrosion.
   It has a curse which improves the following skills: Cunning: Dodging and
   Stealth.
   Beguiling: Conjurations, Hexes and Translocations.
 f - an amulet of reflection
 j - the ring "Dorruuq" {Ice rCorr SInv}
   (You took it off a deep elf demonologist on level 3 of the Elven Halls)

   [ring of ice]

   It enhances your ice magic.
   rF:        It makes you vulnerable to fire.
   rC:        It protects you from cold.
   SInv:      It lets you see invisible.
   rCorr:     It protects you from acid and corrosion.
 u - the cursed ring "Seer of the Lashed Seer" (right hand) {Fire rElec rN+ rCorr Int+3, Self, Evo}
   (You found it on level 1 of the Tomb of the Ancients)

   [ring of fire]

   It enhances your fire magic.
   Int:       It affects your intelligence (+3).
   rF:        It protects you from fire.
   rC:        It makes you vulnerable to cold.
   rElec:     It insulates you from electricity.
   rN:        It protects you from negative energy.
   rCorr:     It protects you from acid and corrosion.
   It has a curse which improves the following skills: Introspection: Fighting
   and Spellcasting.
   Evocations: Evocations.
 J - the cursed ring of Ashenzari's Oracle (left hand) {rC+ rN+ Str+6, Self, Comp}
   (You took it off a skeletal warrior on level 3 of the Crypt)

   [ring of positive energy]

   Str:       It affects your strength (+6).
   rC:        It protects you from cold.
   rN:        It protects you from negative energy.
   It has a curse which improves the following skills: Introspection: Fighting
   and Spellcasting.
   Companions: Summonings and Necromancy.
 L - the ring "Ginat" {Fire rElec Will++ Str+2}
   (You took it off a deep elf blademaster on level 3 of the Depths)

   [ring of fire]

   It enhances your fire magic.
   Str:       It affects your strength (+2).
   rF:        It protects you from fire.
   rC:        It makes you vulnerable to cold.
   rElec:     It insulates you from electricity.
   Will:      It greatly increases your willpower.
Wands
 k - a wand of roots (39)
 o - a wand of mindburst (23)
 v - a wand of paralysis (40)
 x - a wand of polymorph (12)
 C - a wand of flame (54)
 D - a wand of digging (22)
 N - a wand of acid (25)
Scrolls
 c - 15 scrolls of fear
 e - 18 scrolls of teleportation
 i - 7 scrolls of brand weapon
 m - 10 scrolls of immolation
 r - 4 scrolls of magic mapping
 t - 9 scrolls of amnesia
 B - 7 scrolls of fog
 E - 6 scrolls of enchant armour
 F - 6 scrolls of butterflies
 R - 14 scrolls of vulnerability
 S - 8 scrolls of enchant weapon
 W - 5 scrolls of poison
 Z - a scroll of blinking
Potions
 b - 6 potions of cancellation
 d - 4 potions of resistance
 g - 11 potions of haste
 l - 15 potions of flight
 n - 31 potions of curing
 p - 7 potions of attraction
 q - 5 potions of brilliance
 s - 10 potions of mutation
 A - 4 potions of lignification
 M - 5 potions of might
 O - 5 potions of heal wounds
 T - 5 potions of invisibility
 U - 4 potions of berserk rage
Miscellaneous
 h - a phantom mirror
 z - a box of beasts
 V - a condenser vane


   Skills:
 - Level 20.1(27) Fighting
 - Level 13.4 Maces & Flails
 - Level 22.5(24.7) Armour
 - Level 19.6(23.2) Dodging
 - Level 15.5(18.0) Shields
 - Level 11.8(20.0) Spellcasting
 - Level 3.2(6.5) Conjurations
 - Level 6.4(9.1) Summonings
 - Level 4.7(7.2) Necromancy
 - Level 22.9(27) Ice Magic
 - Level 5.7(10.6) Air Magic
 - Level 22.9(27) Earth Magic
 + Level 18.2(25.2) Evocations


You had 23 spell levels left.
You knew the following spells:

 Your Spells              Type           Power      Damage    Failure   Level
a - Polar Vortex          Ice            58%        N/A       2%          9
b - Shatter               Erth           58%        3d44*     2%          9
c - Borgnjor's Vile Clut  Necr/Erth      48%        N/A       1%          5
d - Ozocubu's Refrigerat  Ice            58%        4d20      1%          7
e - Ozocubu's Armour      Ice            100%       N/A       0%          3
f - Iron Shot             Conj/Erth      48%        9d9       1%          6
g - Summon Lightning Spi  Summ/Air       76%        N/A       1%          4

Your spell library contained the following spells:

 Spells                   Type           Power      Damage    Failure   Level
 Sandblast                Erth           100%       2d20      0%          1
 Passwall                 Tmut/Erth      72%        N/A       0%          2
 Frozen Ramparts          Ice            100%       1d16      0%          3
 Hailstorm                Conj/Ice       96%        3d19      0%          3
 Stone Arrow              Conj/Erth      100%       3d13      0%          3
 Summon Ice Beast         Ice/Summ       99%        N/A       0%          4
 Beastly Appendage        Tmut           64%        N/A       1%          1
 Foxfire                  Conj/Fire      100%       2x1d9     1%          1
 Kiss of Death            Conj/Necr      100%       2d13      1%          1
 Magic Dart               Conj           100%       1d8       1%          1
 Momentum Strike          Conj/Tloc      100%       3d10      1%          2
 Searing Ray              Conj           100%       2d8       1%          2
 Call Canine Familiar     Summ           74%        N/A       1%          3
 Dazzling Flash           Conj/Hex       100%       N/A       1%          3
 Summon Guardian Golem    Hex/Summ       58%        N/A       1%          3
 Vampiric Draining        Necr           68%        2d10      1%          3
 Airstrike                Air            39%        2d(6-22)  1%          4
 Animate Dead             Necr           68%        N/A       1%          4
 Dispel Undead            Necr           68%        3d23      1%          4
 Ice Form                 Ice/Tmut       87%        N/A       1%          4
 Leda's Liquefaction      Hex/Erth       44%        N/A       1%          4
 Agony                    Necr           68%        N/A       1%          5
 Freezing Cloud           Conj/Ice/Air   45%        6-21      1%          5
 Lightning Bolt           Conj/Air       36%        1d54      1%          5
 Simulacrum               Ice/Necr       48%        N/A       1%          6
 Wereblood                Tmut           32%        N/A       2%          2
 Anguish                  Hex/Necr       27%        N/A       2%          4
 Iskenderun's Battlesphe  Conj           65%        2d11      2%          5
 Gell's Gravitas          Tloc           35%        N/A       3%          3
 Ignite Poison            Fire/Tmut/Pois 50%        N/A       3%          3
 Inner Flame              Hex/Fire       53%        N/A       3%          3
 Portal Projectile        Hex/Tloc       70%        N/A       3%          3
 Teleport Other           Tloc           35%        N/A       3%          3
 Tukima's Dance           Hex            35%        N/A       3%          3
 Flame Wave               Conj/Fire      70%        2d16      3%          4
 Fulminant Prism          Conj/Hex       26%        3d14      3%          4
 Iskenderun's Mystic Bla  Conj/Tloc      53%        2d11      3%          4
 Sticky Flame             Conj/Fire      70%        2d8       3%          4
 Spider Form              Tmut/Pois      32%        N/A       4%          3
 Silence                  Hex/Air        30%        N/A       4%          5
 Summon Forest            Summ/Tloc      29%        N/A       5%          5
 Conjure Ball Lightning   Conj/Air       36%        3x3d12    6%          6
 Fireball                 Conj/Fire      35%        3d15      9%          5
 Death Channel            Necr           34%        N/A       11%         6
 Cause Fear               Hex            17%        N/A       12%         4
 Passage of Golubria      Tloc           35%        N/A       12%         4
 Summon Hydra             Summ           37%        N/A       28%         7
 Yara's Violent Unravell  Hex/Tmut       16%        3d8       34%         5
 Blade Hands              Tmut           16%        N/A       36%         5
 Haunt                    Necr/Summ      35%        N/A       38%         7
 Starburst                Conj/Fire      35%        6d10      43%         6
 Spellforged Servitor     Conj/Summ      35%        N/A       43%         7
 Orb of Destruction       Conj           32%        9d10      63%         7
 Dispersal                Tloc           17%        N/A       87%         6
 Eringya's Noxious Bog    Tmut/Pois      16%        N/A       91%         6
 Borgnjor's Revivificati  Necr           34%        N/A       99%         8
 Infestation              Necr           34%        N/A       99%         8
 Enfeeble                 Hex            17%        N/A       100%        7
 Discord                  Hex            17%        N/A       100%        8
 Disjunction              Tloc           17%        N/A       100%        8
 Ignition                 Fire           26%        3d9       100%        8
 Chain Lightning          Conj/Air       36%        3d48      100%        9
 Fire Storm               Conj/Fire      35%        8d9       100%        9
 Cigotuvi's Dreadful Rot  Necr/Pois/Air  Unusable   N/A       N/A         2
 Sublimation of Blood     Necr           Unusable   N/A       N/A         2

Dungeon Overview and Level Annotations

Branches:
Dungeon (15/15)            Temple (1/1) D:6            Lair (5/5) D:9
  Swamp (4/4) Lair:2        Snake (4/4) Lair:2        Slime (5/5) Lair:4
    Orc (2/2) D:9             Elf (3/3) Orc:2        Vaults (5/5) D:14
  Crypt (3/3) Vaults:3       Tomb (1/3) Crypt:3      Depths (4/4) D:15
   Hell (visited)             Dis (0/7) Hell            Geh (0/7) Hell
    Coc (0/7) Hell            Tar (0/7) Hell            Zot (5/5) Depths:4
  Sewer (visited)           IceCv (visited)          WizLab (visited)

Altars:
Ashenzari
Cheibriados
Dithmenos
Elyvilon
Fedhas
Gozag
Hepliaklqana
Kikubaaqudgha
Makhleb
Nemelex Xobeh
Okawaru
Qazlal
Ru
Sif Muna
Trog
Uskayaw
Vehumet
Wu Jian
Xom
Yredelemnul
Zin
The Shining One
Jiyva

Shops:
D:1 [   D:12 [[*   D:13 (   Orc:2 (*(:!   Elf:2 *   Snake:2 *   Snake:3 ?[
Snake:4 [:=:   Vaults:5 (=!:   Depths:2 (

Portals:
Hell: Depths:1 Depths:2 Depths:3 Depths:4
Abyss: D:11 Depths:2 Depths:3
Pandemonium: Depths:1 Depths:2 Depths:4
Ziggurat: Depths:3

Annotations:
D:3 1 runed translucent door, Crazy Yiuf
D:5 1 runed translucent door, Leeroy's ghost, novice VSWr
D:11 2 transporters, gengaozo's ghost, journeyman TeRe
D:15 2 transporters, Guhydgh's ghost, journeyman TrCA
Crypt:3 3 runed translucent doors


Innate Abilities, Weirdness & Mutations

You are immune to sickness and miasma.
Your stone body is resilient. (AC +20)
You are immune to poison.
Your large and strong wings let you fly.
You resist negative energy. (rN+)
You are resistant to electric shocks. (rElec)
You are resistant to unholy torment.
You are immune to petrification.
You sometimes lose your temper in combat.
Your flesh is heat resistant. (rF+)
You passively map a small area around you.


Message History

Confirm with . or Enter, or press ? or * to list all spells.
The dungeon rumbles!
You kill the orange demon!
A door shatters! x2
Ka-crash!
A hellwing comes into view.
Casting: Shatter (dangerous; 1% risk of failure)
Confirm with . or Enter, or press ? or * to list all spells.
The dungeon rumbles!
The hellwing is severely wounded.
Hataroc is lightly wounded.
Ka-crash!
Hataroc comes into view.
Hataroc hits you but does no damage. The hellwing hits you.
You block the hellwing's attack.
Casting: Shatter (dangerous; 1% risk of failure)
Confirm with . or Enter, or press ? or * to list all spells.
The dungeon rumbles!
You kill the hellwing!
Hataroc is lightly wounded.
Ka-crash!
Hataroc hits you but does no damage. x2
Okay, then.
Unknown command.
Press: ? - help, v - describe, . - travel
Here: Hataroc (lightly wounded, haloed)
The floor.
Casting: Shatter (dangerous; 1% risk of failure)
Confirm with . or Enter, or press ? or * to list all spells.
A great freezing vortex appears around you.
Hataroc hits you but does no damage. You block Hataroc's attack.
A ynoxinul comes into view.
Hataroc hits you.
You feel dopey. Hataroc closely misses you. The ynoxinul closely misses you.
You sock the ynoxinul!
The ynoxinul is almost dead.
You kill the ynoxinul!
There is a staircase leading out of the dungeon here.
You have escaped!

#.# ##...........#.....#####
#.# ##..#'#######...#........
#.## ##..##.......##...........
#..###..##.#####.#§##..........
##...#.##.##....§§.....#.......
###.#.#.##.####§.#§...........
#.#.#.#.##§#§.§§§...######..
#...#.#.#{#§#§§§§##.#####)..
###.#.#...#@§§#.#.......'...
#.#.#.#.###§#.#.#.#.###...
#.#.#.##...##.#.#.#.# #...
#.#.##.###.#.##.#.#.#####.
#.##.##..#...#.##.......#.
#..##.#######.##...####.#.
##..##.....(.##..#.# #.#.
##..#########..#..# #.#.
##...........##.## #.#.


There were no monsters in sight!

Vanquished Creatures
  the Royal Jelly (Slime:5)
  A pandemonium lord (D:14)
  5 dread liches
  3 orbs of fire
  6 ancient liches
  2 Killer Klowns (Zot:5)
  20 royal mummies (Tomb:1)
  Bai Suzhen (Swamp:3)
  Frederick (Depths:2)
  Saint Roka (Elf:2)
  5 curse toes
  Vashnia (Snake:4)
  The ghost of Qyg Kex the Earth Mage, an adept OpEE of Vehumet (Crypt:3)
  Geryon (Hell)
  Nikola (Snake:1)
  7 golden dragons
  A bone dragon (Vaults:3)
  Jory (Crypt:3)
  5 doom hounds (Hell)
  3 electric golems
  18 tentacled monstrosities
  9 liches
  A walking earthen tome (Depths:4)
  27 Orb Guardians
  21 acid blobs
  7 titans
  4 quicksilver dragons
  Murray (Depths:2)
  2 deep elf master archers (Elf:3)
  7 death cobs
  6 deep elf blademasters
  15 sphinxes
  7 ancient champions
  2 thorn hunters (Swamp:2)
  Kirke (Snake:4)
  10 draconian monks
  5 shadow dragons
  4 tengu reavers
  6 revenants
  13 storm dragons
  A fenstrider witch (Swamp:3)
  Agnes (Snake:3)
  4 nagarajas (Snake:4)
  12 azure jellies
  11 rockslimes
  9 draconian knights
  7 deep elf sorcerers
  7 fire giants
  5 draconian scorchers
  9 frost giants
  2 iron dragons
  19 vault wardens
  A spectral caustic shrike (Crypt:3)
  Aizul (Snake:3)
  4 orc warlords
  2 juggernaut zombies (Crypt:3)
  A ghost moth (Zot:4)
  3 ghouls (Crypt:1)
  3 cacodemons
  A balrug (Depths:2)
  24 ironbound preservers
  A caustic shrike zombie (Crypt:3)
  3 deep elf elementalists (Elf:3)
  8 draconian annihilators
  6 draconian shifters
  A juggernaut skeleton (Depths:2)
  5 war gargoyles
  2 draconian stormcallers (Zot:4)
  2 demonspawn corrupters
  A caustic shrike skeleton (Crypt:3)
  14 stone giants
  19 very ugly things
  12 quicksilver oozes
  5 reapers
  5 vampire knights
  6 green draconians
  7 deep elf demonologists
  8 purple draconians
  3 spark wasps
  Azrael (Snake:2)
  9 ironbound thunderhulks
  A lorocyproca (Hell)
  7 yellow draconians
  3 eleionomae
  8 black draconians
  An orange crystal statue (WizLab)
  10 deep elf annihilators
  7 white draconians
  10 deep elf death magi
  11 red draconians
  3 bunyips
  10 dire elephants
  4 eidola
  A blizzard demon (Hell)
  An iron golem (Depths:1)
  8 mummy priests (Tomb:1)
  6 statues (Depths:2)
  A kraken zombie (Hell)
  The ghost of Autsider the Destroyer, a journeyman GnCj of Okawaru (Orc:2)
  3 deep elf high priests
  4 shambling mangroves
  8 jiangshi
  17 ettins
  17 yaktaur captains
  A green death (Hell)
  6 fire dragons
  The ghost of tilp the Carver, a journeyman MeFi of Okawaru (Orc:2)
  A quicksilver dragon skeleton (Depths:3)
  10 ice dragons
  32 vault guards
  A juggernaut simulacrum (Crypt:2)
  3 spriggan zombies
  9 great orbs of eyes
  2 hell beasts
  2 ghost crabs
  16 hydras
  A rakshasa (D:9)
  7 salamander tyrants
  3 ogre magi
  18 centaur warriors
  A catoblepas (Lair:5)
  4 boulder beetles
  11 ironbound frosthearts
  6 spriggan air magi
  A jorogumo (shapeshifter) (D:14)
  4 spriggan skeletons
  6 anacondas
  33 dancing weapons
  A death knight (Crypt:2)
  5 deep troll shamans
  5 alligators
  13 two-headed ogres
  10 death scarabs (Tomb:1)
  15 death yaks
  11 naga warriors
  2 tengu warriors
  11 hell hogs
  4 vampire magi
  2 orc high priests
  7 deep troll earth magi
  6 spriggan berserkers
  7 naga sharpshooters (Snake:4)
  23 hell knights
  8 soul eaters
  A storm dragon zombie (Depths:2)
  11 shock serpents
  9 sun demons
  A titan skeleton (Crypt:1)
  3 salamander mystics
  8 iron trolls
  21 deep elf knights
  18 skeletal warriors
  A shadow wraith (Crypt:2)
  Amaemon (Lair:3)
  5 goliath frogs
  2 sixfirhies
  An anaconda zombie (Hell)
  2 shadow demons
  2 skysharks
  An obsidian statue (Zot:5)
  6 glowing orange brains
  3 flayed ghosts
  A quicksilver dragon simulacrum (Depths:3)
  A death drake (shapeshifter) (Vaults:5)
  8 spriggan druids
  60 deep trolls
  14 wizards
  3 bunyip zombies
  6 naga ritualists
  8 phantasmal warriors
  17 deep elf archers
  9 orc knights
  11 swamp dragons
  16 necromancers
  A tengu zombie (Depths:2)
  7 lindwurms
  Pikel (D:8)
  A shadow dragon zombie (Depths:3)
  20 ironbound convokers
  4 harpies
  21 deep elf pyromancers
  8 mana vipers
  4 manticores
  31 deep elf zephyrmancers
  A stone giant zombie (Crypt:2)
  A shining eye (shapeshifter) (Vaults:5)
  A tengu skeleton (Depths:2)
  A golden dragon skeleton (Depths:3)
  4 will-o-the-wisps
  A cyclops (shapeshifter) (Vaults:5)
  7 cyclopes
  2 frost giant zombies (Depths:1)
  A wolf spider (Lair:5)
  A manticore (shapeshifter) (Vaults:5)
  5 orc sorcerers
  2 centaur zombies
  45 ugly things
  9 salamanders
  5 shining eyes
  An eleionoma skeleton (Crypt:1)
  4 elephants
  A fire giant skeleton (Crypt:3)
  3 ice statues
  19 vault sentinels
  2 naga zombies
  4 rust devils (Hell)
  A titan simulacrum (Crypt:3)
  4 guardian serpents
  19 moths of wrath
  A water nymph (shapeshifter) (Vaults:5)
  36 black mambas
  3 eyes of devastation
  3 molten gargoyles (Hell)
  A gargoyle (D:14)
  A demonic crawler (Hell)
  18 smoke demons
  22 naga magi
  A stone giant skeleton (Depths:2)
  A cane toad (shapeshifter) (Elf:3)
  A grey draconian zombie (Crypt:2)
  6 orange demons
  9 cane toads
  6 centaur skeletons
  A naga skeleton (Crypt:2)
  A dire elephant skeleton (Tomb:1)
  Psyche (D:8)
  A kobold demonologist (D:14)
  33 yaktaurs
  2 efreet (D:14)
  10 komodo dragons
  6 rime drakes
  5 freezing wraiths
  A hellion (Hell)
  A swamp worm zombie (Crypt:1)
  8 tengu conjurers
  A sea snake zombie (Hell)
  13 guardian mummies
  A spark wasp simulacrum (Depths:3)
  3 unseen horrors
  A harpy zombie (Crypt:3)
  A red devil (Depths:2)
  A meliai (shapeshifter) (Vaults:5)
  A spectral harpy (Crypt:3)
  A hellwing (D:1)
  4 trolls
  A sea snake skeleton (Hell)
  A queen bee (Lair:2)
  A death drake zombie (Crypt:2)
  8 tyrant leeches
  A hydra zombie (Hell)
  6 polar bears
  8 blink frogs
  Grinder (D:5)
  A bloated husk (Swamp:1)
  16 hornets
  A harpy skeleton (Crypt:3)
  A wind drake (shapeshifter) (Vaults:5)
  4 saltlings (Orc:2)
  A death drake skeleton (Crypt:1)
  3 hydra skeletons
  An ettin zombie (Depths:1)
  A spectral black mamba (Crypt:3)
  12 dream sheep
  24 flying skulls
  2 radroach zombies
  88 slime creatures
  A vampire (D:9)
  2 shadows
  2 ynoxinuls
  3 water elementals (Elf:1)
  6 air elementals
  6 wyverns
  6 wraiths
  2 dire elephant simulacra (Crypt:3)
  17 spriggans
  3 ushabtiu (Tomb:1)
  35 yaks
  12 fire elementals
  5 steam dragons
  4 basilisks
  A chaos spawn (D:14)
  5 hogs (Snake:4)
  13 vampire mosquitoes
  A golden eye (Slime:5)
  12 swamp worms
  A warg (shapeshifter) (D:9)
  2 acid dragons (D:12)
  46 nagas
  2 hydra simulacra (Hell)
  13 water moccasins
  2 glowing shapeshifter zombies
  4 wargs
  An entropy weaver zombie (Crypt:1)
  6 hell hounds
  A human skeleton (Depths:3)
  An ice beast (D:6)
  8 swamp drakes
  An ice beast (shapeshifter) (D:14)
  32 orc warriors
  4 black bears
  2 sky beasts (D:7)
  2 spriggan simulacra
  A manticore zombie (Crypt:3)
  11 ogres
  3 boggarts (Vaults:3)
  16 wolves
  14 centaurs
  2 ettin simulacra (Crypt:3)
  2 kobold brigands
  A rime drake skeleton (Crypt:2)
  2 gnoll sergeants (D:9)
  4 necrophages
  9 bullfrogs
  5 scorpions
  2 earth elementals (Elf:2)
  8 wights
  2 killer bees (D:9)
  4 electric eels
  3 howler monkeys
  2 yak skeletons
  A gnoll bouda (D:9)
  9 orc priests
  3 hounds (D:5)
  Jessica (D:2)
  A boggart zombie (D:15)
  2 iguanas (D:5)
  8 hell rats
  16 orc wizards
  2 polar bear simulacra (Lair:4)
  A yak simulacrum (Lair:4)
  2 wolf simulacra (Lair:4)
  21 mummies (Tomb:1)
  5 gnolls
  A steam dragon zombie (Crypt:1)
  17 adders
  7 river rats
  4 white imps
  An ufetubus (D:6)
  61 orcs
  9 endoplasms
  3 giant cockroaches (Sewer)
  3 goblins
  6 hobgoblins
  6 jackals
  8 kobolds
  5 quokkas
  16 ball pythons
  A ball python skeleton (Crypt:2)
  10 bats
  8 frilled lizards
  A jackal zombie (Crypt:1)
  An orc skeleton (Crypt:2)
  A quokka zombie (Crypt:3)
  5 rats
  A rat skeleton (Crypt:3)
  36 briar patches (Swamp:2)
  4 pillars of salt (Orc:2)
2451 creatures vanquished.

Vanquished Creatures (collateral kills)
  A nagaraja (Snake:4)
  A vault warden (Vaults:1)
  2 ironbound thunderhulks (Vaults:1)
  2 dire elephants (Vaults:1)
  3 hydras
  A vault guard (D:14)
  A boulder beetle (D:11)
  2 centaur warriors
  A deep troll shaman (Lair:5)
  A tengu warrior (D:14)
  6 death yaks
  5 naga warriors
  A naga ritualist (Snake:3)
  A necromancer (Lair:4)
  3 orc knights
  2 ugly things (D:14)
  An orc sorcerer (Orc:2)
  A salamander (Snake:3)
  3 cyclopes
  3 elephants
  3 guardian serpents
  4 black mambas
  A torpor snail (Lair:5)
  2 naga magi
  A cane toad (Lair:4)
  3 komodo dragons
  4 rime drakes (IceCv)
  A troll (Orc:2)
  3 polar bears (IceCv)
  A saltling (Orc:2)
  5 dream sheep
  4 slime creatures
  2 blink frogs (Lair:3)
  A wyvern (Lair:4)
  8 yaks
  A warg (Orc:2)
  11 nagas
  An acid dragon (D:12)
  3 water moccasins
  6 orc warriors
  2 ogres (Orc:1)
  5 wolves
  2 kobold brigands (D:14)
  A wight (D:9)
  3 orc priests
  A gnoll bouda (D:9)
  4 orc wizards
  A polar bear simulacrum (Lair:4)
  2 yak simulacra (Lair:4)
  6 hell rats (Lair:4)
  3 wolf simulacra (Lair:4)
  5 gnolls (D:9)
  25 orcs
  2 kobolds (D:14)
168 creatures vanquished.

Vanquished Creatures (others)
  A purple draconian (Zot:5)
  A blizzard demon (Depths:2)
  An ice dragon (Depths:4)
  2 deep elf knights (Elf:1)
  A deep elf archer (Elf:1)
  A deep elf pyromancer (Elf:1)
  A rime drake (Swamp:3)
  A spectral harpy (Crypt:3)
  An air elemental (Elf:1)
  A spriggan (Swamp:3)
  A water elemental (Elf:1)
  A howler monkey (D:14)
  19 foxfires
  53 fungi
  A pillar of salt (Orc:2)
  103 plants
  4 tentacles (Hell)
  6 toadstools (Depths:2)
199 creatures vanquished.

Grand Total: 2818 creatures vanquished

Notes
Turn   | Place    | Note
-------+----------+-------------------------------------------
     0 | D:1      | rigao the Gargoyle Reaver began the quest for the Orb.
     0 | D:1      | Reached XP level 1. HP: 12/12 MP: 3/3
   198 | D:1      | Reached XP level 2. HP: 11/17 MP: 5/5
   272 | D:1      | Found Vauvolim's Antique Armour Emporium.
   751 | D:2      | Noticed Jessica
   759 | D:2      | Killed Jessica
   760 | D:2      | Reached XP level 3. HP: 21/21 MP: 6/6
   953 | D:2      | Found a faded altar of an unknown god.
   982 | D:2      | Reached XP level 4. HP: 19/26 MP: 4/7
  1320 | D:2      | Found a broken altar of Ashenzari.
  1366 | D:2      | Reached skill level 5 in Maces & Flails
  1367 | D:2      | Became a worshipper of Ashenzari the Shackled
  1876 | D:3      | Found a runed translucent door.
  1879 | D:3      | Noticed Crazy Yiuf
  2530 | D:4      | Reached skill level 1 in Armour
  2609 | D:4      | Reached * piety under Ashenzari
  2651 | D:4      | Reached XP level 5. HP: 21/31 MP: 5/8
  2825 | D:4      | Reached XP level 6. HP: 35/37 MP: 7/9
  3160 | D:5      | Entered Level 5 of the Dungeon
  3201 | D:5      | Found a glowing drain.
  3217 | Sewer    | Entered a sewer
  3372 | Sewer    | Reached ** piety under Ashenzari
  3996 | D:5      | Reached XP level 7. HP: 43/43 MP: 10/10
  4117 | D:5      | Noticed Grinder
  4128 | D:5      | Killed Grinder
  4129 | D:5      | Reached skill level 5 in Fighting
  4161 | D:5      | Reached XP level 8. HP: 40/49 MP: 7/11
  4364 | D:5      | Reached skill level 5 in Armour
  4371 | D:5      | Found a runed translucent door.
  4374 | D:5      | Noticed Leeroy's ghost (novice VSWr)
  4602 | D:1      | Bought a glowing cloak for 187 gold pieces
  4795 | D:6      | Noticed a manticore
  4804 | D:6      | Killed a manticore
  4906 | D:6      | Reached XP level 9. HP: 56/56 MP: 12/12
  4928 | D:6      | Noticed a hornet
  4931 | D:6      | Killed a hornet
  4956 | D:6      | Found a staircase to the Ecumenical Temple.
  5022 | Temple   | Entered the Ecumenical Temple
  5925 | D:7      | Reached *** piety under Ashenzari
  6294 | D:7      | Reached **** piety under Ashenzari
  6355 | D:8      | Noticed Psyche
  6808 | D:8      | Reached skill level 1 in Evocations
  6820 | D:8      | Reached XP level 10. HP: 45/68 MP: 9/15
  6958 | D:8      | Noticed Pikel
  6969 | D:8      | Killed Pikel
  7402 | D:9      | Found a broken altar of Ashenzari.
  7406 | D:9      | Found a staircase to the Lair.
  7490 | Lair:1   | Entered Level 1 of the Lair of Beasts
  7762 | D:1      | Bought a glowing ring mail for 175 gold pieces
  8166 | Lair:1   | Noticed a cane toad
  8232 | Lair:1   | Noticed a cane toad
  8240 | Lair:1   | Killed a cane toad
  8248 | Lair:1   | Killed a cane toad
  8249 | Lair:1   | Reached XP level 11. HP: 63/74 MP: 13/16
  8297 | Lair:1   | Learned a level 4 spell: Summon Lightning Spire
  8521 | Lair:1   | Reached skill level 1 in Summonings
  8578 | Lair:1   | Reached skill level 1 in Air Magic
  8841 | Lair:2   | Noticed a death yak
  8841 | Lair:2   | Noticed a death yak
  8841 | Lair:2   | Noticed a death yak
  8895 | Lair:1   | Killed a death yak
  9075 | Lair:2   | Reached ***** piety under Ashenzari
  9328 | Lair:2   | Noticed Sonja
  9329 | Lair:2   | Sonja changed into Sonja the queen bee
  9329 | Lair:2   | Noticed Sonja
  9333 | Lair:2   | Killed Sonja the queen bee
  9366 | Lair:2   | Found a staircase to the Snake Pit.
  9379 | Lair:2   | Noticed a death yak
  9404 | Lair:1   | Killed a death yak
  9562 | Lair:2   | Noticed a seven-headed hydra
  9566 | Lair:2   | Killed a seven-headed hydra
  9670 | Lair:2   | Noticed a death yak
  9670 | Lair:2   | Noticed a death yak
  9698 | Lair:1   | Killed a death yak
  9752 | Lair:2   | Reached skill level 10 in Fighting
  9937 | Lair:2   | Reached skill level 5 in Dodging
  9937 | Lair:2   | Reached XP level 12. HP: 84/84 MP: 21/21
  9954 | Lair:2   | Noticed a six-headed hydra
  9963 | Lair:2   | Killed a six-headed hydra
 10024 | Lair:2   | Found a staircase to the Swamp.
 10303 | Lair:2   | Killed a death yak
 10318 | Lair:2   | Killed a death yak
 10319 | Lair:2   | Reached skill level 5 in Evocations
 10322 | Lair:2   | Killed a death yak
 10402 | Lair:2   | Reached skill level 10 in Armour
 11022 | Lair:3   | Noticed Amaemon
 11041 | Lair:3   | Killed Amaemon
 11673 | Lair:3   | Noticed a five-headed hydra
 11686 | Lair:3   | Killed a five-headed hydra
 11895 | Lair:3   | Reached skill level 5 in Summonings
 11908 | Lair:3   | Reached XP level 13. HP: 48/92 MP: 5/24
 11911 | Lair:3   | Reached skill level 5 in Air Magic
 12230 | Lair:4   | Found a frozen archway.
 12258 | IceCv    | Entered an ice cave
 12917 | IceCv    | Learned a level 3 spell: Ozocubu's Armour
 13041 | IceCv    | Reached skill level 1 in Ice Magic
 13146 | IceCv    | Noticed a frost giant
 13206 | IceCv    | Killed a frost giant
 13635 | Lair:4   | Found a viscous altar of Jiyva.
 13635 | Lair:4   | Found a staircase to the Slime Pits.
 14663 | Lair:5   | Entered Level 5 of the Lair of Beasts
 14723 | Lair:5   | Reached skill level 5 in Ice Magic
 14724 | Lair:5   | Gained mutation: Your large and strong wings let you fly.
                  | [Gargoyle growth]
 14724 | Lair:5   | Reached XP level 14. HP: 92/100 MP: 19/27
 14819 | Lair:5   | Reached ****** piety under Ashenzari
 15087 | Lair:5   | Learned a level 7 spell: Ozocubu's Refrigeration
 15388 | Lair:5   | Reached skill level 10 in Ice Magic
 15995 | Lair:4   | Found a viscous altar of Jiyva.
 15995 | Lair:4   | Found a staircase to the Slime Pits.
 17080 | Lair:5   | Noticed a dire elephant
 17096 | Lair:5   | Killed a dire elephant
 17164 | Lair:5   | Found the +6 arbalest "Damnation" {damnation}
 17442 | D:8      | Killed Psyche
 17739 | D:9      | Found a staircase to the Orcish Mines.
 18565 | D:9      | Reached skill level 1 in Necromancy
 18581 | D:9      | Identified the +8 dire flail "Ediycrul" {venom, rElec
                  | Int+5}
 18860 | Orc:1    | Entered Level 1 of the Orcish Mines
 18901 | Orc:1    | Noticed an orc warlord
 18905 | Orc:1    | Reached XP level 15. HP: 108/108 MP: 24/29
 19115 | Orc:1    | Killed an orc warlord
 19348 | Orc:1    | Learned a level 6 spell: Simulacrum
 19720 | Orc:2    | Entered Level 2 of the Orcish Mines
 20000 | Orc:2    | Found Xual's Antique Weapon Boutique.
 20003 | Orc:2    | Found a staircase to the Elven Halls.
 20180 | Orc:2    | Found a runed translucent gate.
 20180 | Orc:2    | Found a runed translucent gate.
 20180 | Orc:2    | Found a runed translucent gate.
 20565 | Orc:2    | Found Mupug's Weapon Shoppe.
 20653 | Orc:2    | Noticed an orc warlord
 20665 | Orc:2    | Killed an orc warlord
 20774 | Orc:2    | Found Dewkosom's Book Shoppe.
 20777 | Orc:2    | Found Ysugarch's Distillery.
 20787 | Orc:2    | Bought a potion of invisibility for 144 gold pieces
 20811 | Orc:2    | Reached skill level 15 in Ice Magic
 20960 | Orc:2    | Found Sefuangu's Assorted Antiques.
 20966 | Orc:2    | Bought a potion of brilliance for 100 gold pieces
 20966 | Orc:2    | Bought 2 potions of haste for 500 gold pieces
 20966 | Orc:2    | Bought a potion of might for 100 gold pieces
 21174 | Orc:2    | Learned a level 5 spell: Borgnjor's Vile Clutch
 21298 | Orc:2    | Noticed Autsider's ghost (journeyman GnCj)
 21298 | Orc:2    | Noticed tilp's ghost (journeyman MeFi)
 21300 | Orc:2    | Identified the +3 buckler of Duawaenk {Contam Regen+ SInv}
 21415 | D:10     | Entered Level 10 of the Dungeon
 21537 | D:10     | Identified the +2 leather armour of Xaronuw {Dex+3}
 22104 | D:11     | Found a transporter.
 22233 | D:11     | Found a hazy altar of Hepliaklqana.
 22264 | D:11     | Reached skill level 1 in Earth Magic
 22529 | D:11     | Found a transporter.
 22529 | D:11     | Noticed gengaozo's ghost (journeyman TeRe)
 22535 | D:11     | Found a one-way gate to the infinite horrors of the Abyss.
 23230 | D:12     | Found Suxzo's Armour Boutique.
 23307 | D:12     | Bought +2 acid dragon scales for 624 gold pieces
 23632 | D:12     | Found Reorghuh's Armour Shop.
 23758 | D:12     | Found Sueshrum's Assorted Antiques.
 23784 | D:12     | Bought a black potion for 30 gold pieces
 24344 | D:13     | Identified the +3 mace of Ragnarok {freeze, Str+3}
 24565 | D:13     | Reached skill level 10 in Maces & Flails
 24631 | D:13     | Found Qoxt's Weapon Emporium.
 25277 | D:14     | Found the +8 orange crystal plate armour {Archmagi, Int+3
                  | Clar}
 25373 | D:14     | Reached XP level 16. HP: 85/117 MP: 6/30
 25837 | D:14     | Found a gate to the Vaults.
 26531 | D:15     | Entered Level 15 of the Dungeon
 26778 | D:15     | Reached skill level 5 in Earth Magic
 27107 | D:15     | Noticed Guhydgh's ghost (journeyman TrCA)
 27108 | D:15     | Noticed a sphinx
 27149 | D:15     | Found a transporter.
 27152 | D:15     | Found a transporter.
 27726 | D:15     | Found a staircase to the Depths.
 28076 | Snake:1  | Entered Level 1 of the Snake Pit
 28353 | Snake:1  | Noticed Nikola
 28642 | Snake:1  | Killed Nikola
 30044 | Snake:2  | Reached XP level 17. HP: 102/125 MP: 24/31
 30058 | Snake:2  | Identified the +1 shortbow "Anwowkod" {heavy, Dex+4}
 30283 | Snake:2  | Noticed Azrael
 30301 | Snake:2  | Killed Azrael
 31194 | D:12     | Bought quicksilver dragon scales for 780 gold pieces
 31389 | Snake:2  | Found Sitewig's Overcharged Wands.
 32164 | Snake:2  | Identified the +0 scale mail "Ysihaub" {rPois}
 32811 | Snake:3  | Found Itaczyun's Antique Armour Shoppe.
 32815 | Snake:3  | Noticed Agnes
 32999 | Snake:3  | Killed Agnes
 33398 | Snake:3  | Reached skill level 10 in Dodging
 33832 | Snake:3  | Identified the +8 short sword "Epoamar" {vamp, Int+4
                  | Stlth+}
 33918 | Snake:3  | Found Tyiclof's Magic Scroll Shop.
 34088 | Snake:4  | Entered Level 4 of the Snake Pit
 35327 | Snake:4  | Noticed Aizul
 35356 | Snake:3  | Reached skill level 15 in Fighting
 35600 | Snake:3  | Killed Aizul
 36135 | Snake:4  | Found Kaej's Book Boutique.
 36137 | Snake:4  | Found Cigog's Jewellery Shoppe.
 36138 | Snake:4  | Found Ubycal's Book Boutique.
 36180 | Snake:4  | Found Xuta Jae's Armour Emporium.
 37304 | Snake:4  | Reached skill level 15 in Armour
 37593 | Snake:4  | Reached XP level 18. HP: 135/135 MP: 6/33
 37847 | Snake:4  | Noticed Vashnia
 38028 | Snake:4  | Killed Vashnia
 38601 | Snake:4  | Noticed Kirke
 38626 | Snake:4  | Killed Kirke
 38671 | Snake:4  | Reached skill level 10 in Earth Magic
 39070 | Snake:4  | Got a serpentine rune of Zot
 39353 | Swamp:1  | Entered Level 1 of the Swamp
 39478 | Swamp:1  | Reached skill level 5 in Spellcasting
 41175 | D:12     | Bought a pair of ancient gloves for 323 gold pieces
 41175 | D:12     | Identified the +1 pair of gloves "Lorphudo" {Int+5} (You
                  | bought it in a shop on level 12 of the Dungeon)
 44480 | Swamp:4  | Entered Level 4 of the Swamp
 45997 | Swamp:4  | Noticed a tentacled monstrosity
 45999 | Swamp:4  | Noticed Bai Suzhen
 46008 | Swamp:3  | Killed a tentacled monstrosity
 46240 | Swamp:3  | Killed Bai Suzhen
 46612 | Swamp:4  | Reached XP level 19. HP: 140/140 MP: 10/38
 48060 | Swamp:4  | Got a decaying rune of Zot
 48731 | Vaults:1 | Entered Level 1 of the Vaults
 49588 | Vaults:1 | Identified the +3 arbalest "Ajeab" {flame, Str+3}
 51314 | Vaults:1 | Found a huge runed gate.
 51314 | Vaults:1 | Found a huge runed gate.
 51314 | Vaults:1 | Found a huge runed gate.
 51314 | Vaults:1 | Found a huge runed gate.
 51315 | Vaults:1 | Found a huge runed gate.
 51315 | Vaults:1 | Found a huge runed gate.
 51315 | Vaults:1 | Found a huge runed gate.
 51316 | Vaults:1 | Found a huge runed gate.
 51316 | Vaults:1 | Found a huge runed gate.
 51316 | Vaults:1 | Found a huge runed gate.
 51324 | Vaults:1 | Found a huge runed gate.
 51324 | Vaults:1 | Found a huge runed gate.
 51324 | Vaults:1 | Found a huge runed gate.
 51324 | Vaults:1 | Found a huge runed gate.
 51324 | Vaults:1 | Found a huge runed gate.
 51324 | Vaults:1 | Found a huge runed gate.
 51325 | Vaults:1 | Found a huge runed gate.
 51326 | Vaults:1 | Found a huge runed gate.
 51327 | Vaults:1 | Found a huge runed gate.
 51335 | Vaults:1 | Found a huge runed gate.
 51335 | Vaults:1 | Found a huge runed gate.
 51335 | Vaults:1 | Found a huge runed gate.
 51335 | Vaults:1 | Found a huge runed gate.
 51335 | Vaults:1 | Found a huge runed gate.
 51335 | Vaults:1 | Found a huge runed gate.
 51336 | Vaults:1 | Found a huge runed gate.
 51337 | Vaults:1 | Found a huge runed gate.
 51338 | Vaults:1 | Found a huge runed gate.
 51346 | Vaults:1 | Found a huge runed gate.
 51346 | Vaults:1 | Found a huge runed gate.
 51346 | Vaults:1 | Found a huge runed gate.
 51346 | Vaults:1 | Found a huge runed gate.
 51346 | Vaults:1 | Found a huge runed gate.
 51346 | Vaults:1 | Found a huge runed gate.
 51347 | Vaults:1 | Found a huge runed gate.
 51348 | Vaults:1 | Found a huge runed gate.
 53015 | Vaults:2 | Identified a scroll of acquirement
 53274 | Vaults:2 | Reached XP level 20. HP: 142/147 MP: 4/39
 53902 | Vaults:2 | Identified the +5 shortbow of Calamity {antimagic, rF- rC+
                  | Will+ Stlth+}
 54310 | Vaults:2 | Acquired 685 gold pieces
 54626 | Snake:4  | Bought a book of Ice for 966 gold pieces
 54636 | Snake:4  | Learned a level 9 spell: Polar Vortex
 56513 | Vaults:3 | Noticed a bone dragon
 56526 | Vaults:3 | Killed a bone dragon
 56574 | Vaults:3 | Found a staircase to the Crypt.
 58247 | Vaults:3 | Identified the +4 short sword of Zin's Righteous Anger
                  | {heavy, rC+}
 59008 | Vaults:4 | Reached XP level 21. HP: 147/155 MP: 12/40
 59340 | Vaults:4 | Reached skill level 15 in Earth Magic
 61288 | Elf:1    | Entered Level 1 of the Elven Halls
 61295 | Elf:1    | Paralysed by an air elemental for 1 turns
 61915 | Elf:1    | Paralysed by an air elemental for 1 turns
 61917 | Elf:1    | Paralysed by an air elemental for 1 turns
 63454 | Elf:2    | Paralysed by an air elemental for 1 turns
 63580 | Elf:2    | Reached XP level 22. HP: 147/156 MP: 31/40
 63667 | Elf:2    | Found a runed translucent gate.
 63668 | Elf:2    | Found a runed translucent gate.
 63668 | Elf:2    | Found a runed translucent gate.
 63769 | Elf:2    | Found Tiulosh's Assorted Antiques.
 63840 | Elf:2    | Noticed Saint Roka
 65134 | Elf:2    | Killed Saint Roka
 65791 | Snake:4  | Bought a book of Power for 882 gold pieces
 66040 | Elf:3    | Entered Level 3 of the Elven Halls
 66056 | Elf:3    | Learned a level 6 spell: Iron Shot
 68081 | Elf:3    | Identified the ring "Dorruuq" {Ice rCorr SInv}
 68407 | Elf:3    | Identified the ring "Ikhat" {rPois rN+}
 68580 | Elf:3    | Identified the +2 plate armour "Usmogig" {rF+ Str+6}
 68812 | Elf:3    | Identified the +0 battleaxe "Seheila" {elec, Drain *Slow
                  | rC+++ Dex+2}
 69083 | Elf:3    | Found the +3 greatsling "Punk" {acid, rCorr}
 69387 | Depths:1 | Entered Level 1 of the Depths
 70054 | Orc:2    | Bought a book of Annihilations for 720 gold pieces
 70065 | Orc:2    | Learned a level 9 spell: Shatter
 71845 | Depths:1 | Found a gateway to Hell.
 72421 | Depths:1 | Found a snail-covered altar of Cheibriados.
 72652 | Depths:1 | Found a one-way gate leading to the halls of Pandemonium.
 73044 | Depths:2 | Found Qana's Antique Weapon Shop.
 73200 | Depths:2 | Reached XP level 23. HP: 164/164 MP: 27/42
 75396 | Depths:2 | Reached skill level 10 in Spellcasting
 75692 | Depths:2 | Noticed Frederick
 75695 | Depths:2 | Killed Frederick
 76030 | Depths:2 | Identified the +1 battleaxe "Vull" {pain, rF+ Int+3}
 76292 | Depths:2 | Found a radiant altar of Vehumet.
 76870 | Hell     | Entered the Vestibule of Hell
 76870 | Hell     | Noticed Geryon
 77347 | Hell     | Noticed Murray
 77364 | Depths:2 | Killed Murray
 77819 | Depths:2 | Found a radiant altar of Vehumet.
 78338 | Hell     | Gained mutation: You are dopey. (Int -2) [a cacodemon]
 78883 | Hell     | Reached XP level 24. HP: 176/176 MP: 36/45
 79057 | Hell     | Killed Geryon
 79410 | Hell     | Found a gateway to the Iron City of Dis.
 79479 | Hell     | Found a gateway to the ashen valley of Gehenna.
 79535 | Hell     | Found a gateway to the decaying netherworld of Tartarus.
 79848 | Hell     | Found a gateway to the freezing wastes of Cocytus.
 80654 | Depths:3 | Found a magical portal.
 80657 | WizLab   | Entered Wucad Mu's Monastery
 81063 | WizLab   | Reached XP level 25. HP: 184/184 MP: 46/46
 82219 | Depths:3 | Identified the ring "Ginat" {Fire rElec Will++ Str+2}
 82342 | Depths:3 | Identified the ring "Ynawaet" {Ice Str-2 Int+6}
 82684 | Depths:3 | Found a one-way gateway to a ziggurat.
 82701 | Depths:3 | Found a hide-covered altar of Uskayaw.
 83045 | Depths:4 | Entered Level 4 of the Depths
 86258 | Depths:4 | Identified the +0 ring mail of the Valley {Str-5 Int+5}
 86606 | Depths:4 | Found a gate to the Realm of Zot.
 87129 | Crypt:1  | Entered Level 1 of the Crypt
 87810 | Crypt:1  | Reached XP level 26. HP: 177/192 MP: 28/46
 91227 | Crypt:3  | Entered Level 3 of the Crypt
 91230 | Crypt:3  | Noticed Qyg Kex's ghost (adept OpEE)
 92064 | Crypt:3  | Killed Qyg Kex's ghost
 92077 | Crypt:3  | Noticed Jory
 92216 | Crypt:3  | Killed Jory
 92809 | Crypt:3  | Identified the ring "Kikhil" {rC+ rN+ Str+6}
 93499 | Crypt:3  | Noticed an ancient lich
 93501 | Crypt:3  | Killed an ancient lich
 94024 | Crypt:3  | Identified the ring "Nisycev" {rN+ Str+6}
 94024 | Crypt:3  | Identified the ring "Arolupt" {rN+ Str-5 Int+2 Dex+6 SInv}
 94065 | Crypt:3  | Identified the amulet of Reolol {Faith rPois Slay+2}
 94066 | Crypt:3  | Identified the +1 war axe of the Dead {freeze, rF+ rN++
                  | Int-5}
 94066 | Crypt:3  | Identified the Tome of Darkness
 94263 | Crypt:3  | Found a runed translucent gate.
 94264 | Crypt:3  | Found a runed translucent gate.
 94265 | Crypt:3  | Found a runed translucent gate.
 94266 | Crypt:3  | Identified the ring "Hihaif" {rCorr Dex+3}
 95026 | Crypt:3  | Found a staircase to the Tomb.
 95160 | Tomb:1   | Entered Level 1 of the Tomb of the Ancients
 95162 | Tomb:1   | Noticed a royal mummy
 95164 | Tomb:1   | Noticed a royal mummy
 95165 | Tomb:1   | Noticed a royal mummy
 95318 | Tomb:1   | Noticed a royal mummy
 95321 | Tomb:1   | Killed a royal mummy
 95321 | Tomb:1   | Killed a royal mummy
 95322 | Tomb:1   | Killed a royal mummy
 95469 | Tomb:1   | Killed a royal mummy
 95469 | Tomb:1   | Noticed a royal mummy
 95625 | Tomb:1   | Noticed a royal mummy
 95626 | Tomb:1   | Noticed a royal mummy
 95627 | Tomb:1   | Killed a royal mummy
 95773 | Tomb:1   | Noticed a royal mummy
 95775 | Tomb:1   | Killed a royal mummy
 95775 | Tomb:1   | Killed a royal mummy
 96046 | Tomb:1   | Killed a royal mummy
 96439 | Tomb:1   | Noticed a royal mummy
 96441 | Tomb:1   | Noticed a royal mummy
 96443 | Tomb:1   | Killed a royal mummy
 96443 | Tomb:1   | Noticed a royal mummy
 96444 | Tomb:1   | Reached skill level 15 in Dodging
 96601 | Tomb:1   | Killed a royal mummy
 96601 | Tomb:1   | Killed a royal mummy
 97027 | Tomb:1   | Noticed a royal mummy
 97281 | Tomb:1   | Killed a royal mummy
 97623 | Tomb:1   | Noticed a royal mummy
 97849 | Tomb:1   | Killed a royal mummy
 97850 | Tomb:1   | Reached XP level 27. HP: 94/193 MP: 17/44
 98067 | Tomb:1   | Identified the +0 ring mail "Rohyssid" {Contam rF++}
 98311 | Tomb:1   | Noticed a royal mummy
 98314 | Tomb:1   | Killed a royal mummy
 99453 | Tomb:1   | Noticed a royal mummy
 99456 | Tomb:1   | Noticed a royal mummy
 99460 | Tomb:1   | Noticed a royal mummy
 99461 | Tomb:1   | Noticed a royal mummy
 99465 | Tomb:1   | Noticed a royal mummy
 99467 | Tomb:1   | Noticed a royal mummy
 99630 | Tomb:1   | Killed a royal mummy
 99787 | Tomb:1   | Killed a royal mummy
 99937 | Tomb:1   | Killed a royal mummy
 99937 | Tomb:1   | Killed a royal mummy
100087 | Tomb:1   | Killed a royal mummy
100088 | Tomb:1   | Killed a royal mummy
100700 | Tomb:1   | Identified the ring of Goloass {Fire rElec rN+ rCorr Int+3}
101087 | Vaults:5 | Entered Level 5 of the Vaults
101298 | Vaults:5 | Noticed an ancient lich
101618 | Vaults:5 | Killed an ancient lich
102617 | Vaults:5 | Noticed a dread lich
102619 | Vaults:5 | Killed a dread lich
102882 | Vaults:5 | Identified the +4 mace of Ogutulez {venom, rC+ Will+}
103845 | Vaults:5 | Acquired 674 gold pieces
104003 | Vaults:5 | Identified the ring "Cazufoapn" {rElec Dex+6}
104019 | Vaults:5 | Got a silver rune of Zot
104555 | Vaults:5 | Found Pahaaq's Antique Weapon Shoppe.
104581 | Vaults:5 | Found Anawadwiv's Book Emporium.
104587 | Vaults:5 | Bought a manual of Shields for 1440 gold pieces
104589 | Vaults:5 | Found Mugem's Distillery.
104590 | Vaults:5 | Found Judgh's Jewellery Boutique.
104594 | Vaults:5 | Bought a potion of heal wounds for 100 gold pieces
104594 | Vaults:5 | Bought a potion of brilliance for 80 gold pieces
104599 | Vaults:5 | Bought the amulet of Juacetycw {Acrobat rC+ rCorr Dex+3}
                  | for 1229 gold pieces
104709 | Vaults:5 | Identified the +3 ring mail of the Original Sin {SInv
                  | Stlth+}
105774 | Orc:2    | Killed Autsider's ghost
105775 | Orc:2    | Killed tilp's ghost
106076 | Slime:1  | Entered Level 1 of the Pits of Slime
106280 | Slime:2  | Gained mutation: Armour fits poorly on your strangely
                  | shaped body. [a shining eye]
106286 | Slime:2  | Gained mutation: You sometimes lose your temper in combat.
                  | [a shining eye]
106831 | Slime:4  | Reached skill level 5 in Shields
107140 | Slime:5  | Entered Level 5 of the Pits of Slime
107171 | Slime:5  | Gained mutation: Your body sometimes deteriorates upon
                  | taking damage. [a shining eye]
107213 | Slime:5  | Noticed the Royal Jelly
107232 | Slime:5  | Killed the Royal Jelly
107233 | Slime:5  | Reached skill level 10 in Shields
107665 | Slime:5  | Identified the +10 battleaxe "Backaw" {speed, Contam rPois
                  | Str+5 Dex+3}
107665 | Slime:5  | Identified the +3 dagger "Ultimatum" {freeze, rF+}
107668 | Slime:5  | Identified the +1 buckler "Xeshra" {rF+ Str+2 Int-4}
107707 | Slime:5  | Identified the +8 plate armour of Defence {Rampage rN+}
107707 | Slime:5  | Identified the ring "Viemnuso" {rF+ Will- Dex+6 SInv}
107709 | Slime:5  | Identified the +6 sling of Okawaru {flame, +Blink rPois
                  | Will+ Str-4}
107743 | Slime:5  | Got a slimy rune of Zot
107761 | Slime:5  | Found the +7 Spriggan's Knife {stab, EV+4 Stlth+}
108127 | Zot:1    | Entered Level 1 of the Realm of Zot
108144 | Depths:4 | Lost mutation: Armour fits poorly on your strangely shaped
                  | body. [potion of mutation]
108144 | Depths:4 | Lost mutation: You are dopey. (Int -2) [potion of mutation]
108144 | Depths:4 | Lost mutation: You sometimes lose your temper in combat.
                  | [potion of mutation]
108144 | Depths:4 | Gained mutation: You are agile. (Dex +4, Str/Int -1)
                  | [potion of mutation]
108144 | Depths:4 | Gained mutation: You have sharp toenails. [potion of
                  | mutation]
109497 | Zot:1    | Reached skill level 15 in Shields
116028 | Zot:4    | Noticed an orb of fire
116031 | Zot:4    | Reached skill level 10 in Evocations
117579 | Zot:4    | Gained mutation: You sometimes lose your temper in combat.
                  | [an orb of fire]
117584 | Zot:4    | Killed an orb of fire
118478 | Zot:5    | Entered Level 5 of the Realm of Zot
120165 | Zot:5    | Noticed an ancient lich
120168 | Zot:5    | Killed an ancient lich
120417 | Zot:5    | Noticed a dread lich
120421 | Zot:5    | Killed a dread lich
120422 | Zot:5    | Noticed a dread lich
120612 | Zot:5    | Killed a dread lich
120665 | Zot:5    | Noticed a dread lich
120670 | Zot:5    | Killed a dread lich
121228 | Zot:5    | Reached skill level 15 in Evocations
121890 | Zot:5    | Noticed an orb of fire
122103 | Zot:5    | Gained mutation: Your muscles are strong. (Str +4, Int/Dex
                  | -1) [an orb of fire]
122107 | Zot:5    | Killed an orb of fire
122117 | Zot:5    | Noticed an ancient lich
122273 | Zot:5    | Noticed a dread lich
122276 | Zot:5    | Paralysed by a dread lich for 4 turns
122279 | Zot:5    | Killed an ancient lich
122280 | Zot:5    | Killed a dread lich
122417 | Zot:5    | Noticed an ancient lich
122421 | Zot:5    | Noticed an orb of fire
122423 | Zot:5    | Gained mutation: You are occasionally teleported next to
                  | monsters. [an orb of fire]
122423 | Zot:5    | Noticed an ancient lich
122754 | Zot:5    | Killed an orb of fire
122879 | Zot:5    | Killed an ancient lich
123003 | Zot:5    | Killed an ancient lich
123286 | Zot:5    | Lost mutation: You are occasionally teleported next to
                  | monsters. [potion of mutation]
123286 | Zot:5    | Lost mutation: You are agile. (Dex +4, Str/Int -1) [potion
                  | of mutation]
123286 | Zot:5    | Lost mutation: Your muscles are strong. (Str +4, Int/Dex
                  | -1) [potion of mutation]
123286 | Zot:5    | Gained mutation: Armour fits poorly on your strangely
                  | shaped body. [potion of mutation]
123286 | Zot:5    | Gained mutation: You are vulnerable to heat. (rF-) [potion
                  | of mutation]
123286 | Zot:5    | Gained mutation: You are robust. (+10% HP) [potion of
                  | mutation]
123287 | Zot:5    | Lost mutation: You have sharp toenails. [potion of
                  | mutation]
123287 | Zot:5    | Lost mutation: You are vulnerable to heat. (rF-) [potion of
                  | mutation]
123287 | Zot:5    | Lost mutation: Armour fits poorly on your strangely shaped
                  | body. [potion of mutation]
123287 | Zot:5    | Lost mutation: Your body sometimes deteriorates upon taking
                  | damage. [potion of mutation]
123287 | Zot:5    | Gained mutation: Your flesh is heat resistant. (rF+)
                  | [potion of mutation]
123336 | Zot:5    | Got the Orb of Zot
123349 | Zot:5    | Gained mutation: Your spells are a little easier to cast,
                  | but a little less powerful. [a cacodemon]
123363 | Zot:5    | Lost mutation: Your spells are a little easier to cast, but
                  | a little less powerful. [potion of mutation]
123363 | Zot:5    | Lost mutation: You are robust. (+10% HP) [potion of
                  | mutation]
123363 | Zot:5    | Gained mutation: You passively map a small area around you.
                  | [potion of mutation]
123560 | D:14     | Noticed Bomod the pandemonium lord
123571 | D:14     | Killed Bomod the pandemonium lord
123581 | D:14     | Noticed Owurgh the pandemonium lord
123581 | D:14     | Noticed an ancient lich
123906 | D:1      | Noticed Hataroc the pandemonium lord
123913 | D:$      | Escaped with the Orb!

Illustrated notes

Levels and vault maps discovered:
D:1:      evilmike_arrival_rings, layout_basic, serial_shops, shop
D:2:      layout_basic, dreamdust_ecumenical_altar_angels_and_demons,
          basic_altar, uniq_jessica
D:3:      layout_loops_corners, uniq_crazy_yiuf_cottage
D:4:      layout_rooms
D:5:      layout_gridville, ebering_ghost_sewer_d, gup_sewer_entry_bubbles,
          kennysheep_generic_room_14, uniq_grinder
D:6:      layout_cave_pools, minmay_temple_entry_statues_pillars,
          minmay_statues_item, hangedman_decor_clover_reticule,
          chequers_serial_rivers_small_3, kb_rosetta
D:7:      layout_gridville, kennysheep_generic_room_15
D:8:      nicolae_cairo_tiling_very_big, layout_basic, uniq_pikel, uniq_psyche
D:9:      minmay_the_grid_triangle_9x9_rhombus_full
          [minmay_the_grid_triangle_9x9_from_above,
          minmay_the_grid_triangle_9x9_semitri,
          minmay_the_grid_triangle_9x9_shrine,
          minmay_the_grid_triangle_9x9_alien,
          minmay_the_grid_triangle_9x9_limited_checkers,
          minmay_the_grid_triangle_9x9_pentomino_pain,
          minmay_the_grid_triangle_9x9_skeleton,
          minmay_the_grid_triangle_9x9_prize_top_heavy], layout_loops_cross,
          mainiacjoe_overflow_concentric_impassable, lair_entry_dummy,
          hiddenorc1_lemuel, kennysheep_cross_room, dreamdust_wishing_well
D:10:     layout_small_grid
D:11:     layout_irregular_city, gammafunk_ghost_abyssal_escape,
          nicolae_hepliaklqana_hazy_memory
D:12:     layout_basic, serial_shops, kennysheep_mini, nicolae_shop_statue_plus,
          shop
D:13:     layout_cave_pods, serial_shops, shop, minmay_misc_feat_chi
D:14:     layout_loops_cross, lightli_vaults_fourway_checkpoint,
          chequers_mini_garden, st_stairs_11
D:15:     grunt_enter_depths_magical_seal, layout_loops_ring,
          chequers_serial_rivers_small_a, gammafunk_ghost_arena
Temple:   grunt_wide_crystal_templ
Lair:1:   layout_misc_corridors, grunt_megastairs_4
Lair:2:   layout_gridlike, palyth_hydra_swamp_entry,
          minmay_snake_entry_guardpost_small, bh_autumn_forest_stairs,
          uniq_sonja
Lair:3:   layout_cave_pods, uniq_amaemon
Lair:4:   layout_roguey, slime_entry_1, portal_ice_cave_entry_pillars_1,
          eino_house_with_fridge, infiniplex_staircase_pool
Lair:5:   grunt_lair_end_beastmaster, layout_small_grid, serial_bayou_shore_a
Swamp:1:  layout_basic_swamp, evilmike_swamp_ruin_house_2
Swamp:2:  layout_basic_swamp, evilmike_swamp_ruin_house_4, swamp_pool5,
          hangedman_swamp_wriggling
Swamp:3:  layout_basic_swamp, evilmike_swamp_ruin_house_6
Swamp:4:  swamp_alternative, layout_basic_swamp, uniq_bai_suzhen
Snake:1:  layout_layer_cave, grunt_megastairs_2, serial_bayou_shore_b,
          uniq_nikola
Snake:2:  layout_chambers, st_stairs_3, nicolae_shop_overcharged_wands,
          nicolae_triple_integral, uniq_azrael
Snake:3:  layout_misc_corridors, serial_shops, nicolae_shop_hallway_stairs,
          nicolae_square_shop, nrook_guardian_serpent_double, uniq_agnes
Snake:4:  minmay_snake_end_coiled, layout_cave_town, serial_shops,
          nicolae_shop_crystal, minmay_shop_grove, uniq_vashnia, uniq_aizul,
          uniq_kirke
Slime:1:  layout_caves, basic_altar
Slime:2:  layout_caves
Slime:3:  layout_caves
Slime:4:  layout_caves
Slime:5
Orc:1:    cheibrodos_orc_arena, layout_caves, basic_altar
Orc:2:    hellmonk_orc_salted, layout_caves, serial_shops, nicolae_square_shop,
          gammafunk_ghost_cemetery
Elf:1:    nicolae_elf_arrival_aired_out, layout_gridlike, evilmike_minifort
Elf:2:    nicolae_elf_blades_crystal_corner, layout_gridlike, serial_shops,
          nicolae_shop_trees, uniq_saint_roka
Elf:3:    elf_hall, layout_geoelf_grid
Vaults:1: nicolae_vaults_twisting_passages, nicolae_vaults_yaktaur_gun_rack,
          door_vault, vaults_mumra_hex, v_pattern_2,
          nicolae_vaults_inception_scallops, nicolae_vaults_theta,
          nicolae_vaults_mini_display_case, layout_vaults_chaotic_city
Vaults:2: v_alt_pattern_4, vaults_mumra_bighexcomb, vaults_dpeg_emergency_exit,
          v_misc_5, ontoclasm_vaults_twist, layout_vaults_omnigrid
Vaults:3: minmay_crypt_entry_nasty_monster, hangedman_vaults_trim,
          hangedman_vaults_river_flow, ontoclasm_vaults_fault, v_misc_29,
          nicolae_vaults_branching_niches, hangedman_vaults_nodes,
          v_alt_pattern_5, nicolae_vaults_border_crossing, vaults_room_pools,
          vaults_room_pools, layout_vaults_ring
Vaults:4: nicolae_vaults_rhombus_7, hangedman_vaults_corner,
          vaults_mumra_chevron, hangedman_vaults_variations,
          nicolae_vaults_specimen_jars, vaults_room_door_ring, v_misc_25,
          grunt_vaults_twisty, vaults_mumra_hexcomb, layout_vaults_omnicross
Vaults:5: serial_shops
Crypt:1:  layout_misc_corridors, lemuel_nasty_fountain, grunt_megastairs_3,
          grunt_crypt_arrival_webbed
Crypt:2:  layout_basic
Crypt:3:  david_glass_crypt, layout_misc_corridors, tomb_entry_simple_bobbens,
          gammafunk_ghost_necromancy, minicrypt_bobbens, uniq_jory
Tomb:1
Depths:1: layout_cave_pools, hell_entry, pan_entry, nicolae_hexahallways,
          nicolae_two_hexagons, minivault_1, slow_altar_2, firewood_loft
Depths:2: evilmike_halls_of_destruction, layout_cave_shapes,
          grunt_decor_clamped, hellmouth_3, serial_shops,
          nicolae_shop_hallway_plus, rand_demon_pan_entry_8, abyss_entry,
          minmay_gold_behind_fungi
Depths:3: grunt_double_whammy, layout_cave_pools, enter_ziggurat_d, hell_entry,
          abyss_entry, mu_enter_wizlab_7,
          nicolae_uskayaw_murder_on_the_dancefloor
Depths:4: grunt_zot_entry_tricorne, layout_honeycomb, minmay_misc_feat_square,
          hell_entry, pan_entry
Hell
Zot:1:    layout_gridlike, grunt_ministairs_8
Zot:2:    layout_concentric_octagons
Zot:3:    layout_gridville, lemuel_baited_zot_trap
Zot:4:    layout_gridlike
Zot:5:    layout_concentric_octagons, st_stairs_10

Skill      XL: |  1  2  3  4  5  6  7  8  9 10 11 12 13 14 15 16 17 18 19 20 21 22 23 24 25 26 27 |
---------------+----------------------------------------------------------------------------------+-----
Maces & Flails | 4 5 6 7 9 10 11 12 13 | 13.4
Armour         | 1 2 3 4 6 7 9 10 11 12 14 15 16 17 18 22 | 22.5
Fighting       | 3 4 5 6 8 9 10 11 12 13 14 15 16 18 19 20 | 20.1
Dodging        | 2 4 5 6 7 8 9 10 15 19 | 19.6
Evocations     | 1 3 4 6 18 | 18.2
Summonings     | 4 5 6 |  6.4
Air Magic      | 4 5 |  5.7
Spellcasting   | 3 4 7 9 11 | 11.8
Shields        | 2 15 | 15.5
Ice Magic      | 5 14 15 16 19 21 22 | 22.9
Necromancy     | 1 4 |  4.7
Earth Magic    | 3 7 9 10 14 20 22 | 22.9
Conjurations   | |  3.2

Action                     |  1- 3 |  4- 6 |  7- 9 | 10-12 | 13-15 | 16-18 | 19-21 | 22-24 | 25-27 || total
---------------------------+-------+-------+-------+-------+-------+-------+-------+-------+-------++-------
  Melee: Mace              |    75 |    65 |       |       |       |       |       |       |       ||   140
         Morningstar       |       |   127 |   159 |   391 |   755 |   844 |   576 |   314 |   372 ||  3538
         Punch             |       |     1 |     1 |     4 |       |       |       |       |       ||     6
   Cast: Summon Lightning  |       |       |       |    15 |   118 |    55 |    11 |     1 |       ||   200
         Ozocubu's Armour  |       |       |       |       |     8 |     1 |       |       |       ||     9
         Ozocubu's Refrige |       |       |       |       |    38 |   207 |   192 |   103 |    14 ||   554
         Simulacrum        |       |       |       |       |     9 |     8 |       |       |       ||    17
         Borgnjor's Vile C |       |       |       |       |       |   140 |    89 |    53 |     5 ||   287
         Polar Vortex      |       |       |       |       |       |       |    23 |    29 |   139 ||   191
         Shatter           |       |       |       |       |       |       |       |   117 |   590 ||   707
         Iron Shot         |       |       |       |       |       |       |       |    26 |    16 ||    42
 Invoke: Curse Item        |       |     3 |     5 |     3 |     3 |     4 |     1 |     2 |     4 ||    25
         Shatter the Chain |       |       |     1 |     1 |     4 |     3 |     1 |     1 |     4 ||    15
  Evoke: Wand              |       |       |       |     7 |     2 |     1 |       |       |     2 ||    12
         Condenser vane    |       |       |       |       |     1 |       |     3 |     2 |     1 ||     7
         Box of beasts     |       |       |       |       |       |       |       |     1 |     1 ||     2
    Use: Scroll            |       |     5 |       |     1 |     5 |     6 |     8 |     5 |     8 ||    38
         Potion            |       |       |     3 |     1 |     4 |     8 |     2 |     4 |     8 ||    30
   Stab: Distracted        |       |       |     2 |     1 |    19 |     6 |     1 |       |       ||    29
         Sleeping          |       |       |       |     2 |       |       |       |       |       ||     2
 Armour: Leather armour    |     6 |       |       |       |       |       |       |       |       ||     6
         Ring mail         |    29 |   123 |   126 |   210 |   338 |       |       |       |       ||   826
         Acid dragon scale |       |       |       |       |   102 |   371 |       |       |       ||   473
         Quicksilver drago |       |       |       |       |       |   282 |   402 |   359 |   550 ||  1593
  Dodge: Dodged            |    43 |   130 |    94 |   218 |   421 |   473 |   322 |   352 |   698 ||  2751
  Block: Buckler           |       |       |       |    12 |   165 |   191 |   304 |   201 |   335 ||  1208
         Reflection        |       |       |       |       |       |     1 |    53 |     6 |     7 ||    67

Table legend: (Time is in decaauts)
 A = Elapsed time spent in this place.
 B = Non-inter-level travel time spent in this place.
 C = Inter-level travel time spent in this place.
 D = Time resting spent in this place.
 E = Time spent auto-exploring this place.
 F = Levels seen in this place.
 G = Mean time per level.
                   A        B        C        D        E       F      G
               +--------+--------+--------+--------+--------+-----+--------+
         Total | 123858 | 115141 |   8717 |  56478 |  44003 |  61 | 2030.5 |
       Dungeon |  18753 |  15036 |   3717 |   2486 |   9764 |  15 | 1250.2 |
        Temple |     71 |     56 |     15 |      0 |     39 |   1 |   71.0 |
          Lair |   9430 |   8249 |   1181 |   1654 |   5123 |   5 | 1886.0 |
         Swamp |   8156 |   7938 |    218 |   4527 |   2708 |   4 | 2039.0 |
     Snake Pit |  11251 |  10549 |    702 |   4358 |   4555 |   4 | 2812.8 |
    Slime Pits |   1768 |   1709 |     59 |   1259 |      4 |   5 |  353.6 |
  Orcish Mines |   2945 |   2571 |    374 |    925 |   1237 |   2 | 1472.5 |
   Elven Halls |   7456 |   7212 |    244 |   3395 |   2843 |   3 | 2485.3 |
        Vaults |  16567 |  15864 |    703 |   7929 |   6243 |   5 | 3313.4 |
         Crypt |  11682 |  11345 |    337 |   8714 |   1923 |   3 | 3894.0 |
          Tomb |   2286 |   2240 |     46 |   1109 |    741 |   1 | 2286.0 |
        Depths |  14812 |  14200 |    612 |   9264 |   3800 |   4 | 3703.0 |
          Hell |   1125 |   1105 |     20 |    135 |    818 |   1 | 1125.0 |
           Zot |  14837 |  14352 |    485 |  10139 |   2885 |   5 | 2967.4 |
         Sewer |    896 |    896 |      0 |      0 |    583 |   1 |  896.0 |
      Ice Cave |   1300 |   1300 |      0 |    447 |    519 |   1 | 1300.0 |
        Wizlab |    517 |    517 |      0 |    135 |    217 |   1 |  517.0 |
               +--------+--------+--------+--------+--------+-----+--------+

Top non-repeatable levels by time:
 Crypt:3: 5966 daAuts
Depths:2: 5773 daAuts
Vaults:1: 4742 daAuts
Vaults:4: 4509 daAuts
 Snake:4: 4161 daAuts
Vaults:3: 3401 daAuts
Depths:1: 3353 daAuts
 Crypt:2: 3279 daAuts
   Zot:5: 3265 daAuts
Depths:3: 3164 daAuts
   Zot:4: 3141 daAuts
   Zot:3: 3132 daAuts
   Zot:2: 3071 daAuts
   Elf:2: 3009 daAuts
  Lair:2: 2995 daAuts
